 Dungeon Crawl Stone Soup version 0.22-a0-433-gd2a9cce0b5 (webtiles) character file.

18489 Ordine the Blocker (level 12, -30/67 HPs)
             Began as a Gargoyle Fighter on May 28, 2018.
             Was a High Priest of Okawaru.
             Killed from afar by an ice statue (44 damage)
             ... with a shard of ice
             ... in an ice cave.
             The game lasted 00:39:44 (11810 turns).

Ordine the Blocker (Gargoyle Fighter)              Turns: 11810, Time: 00:39:45

Health: -30/67     AC: 23    Str: 21    XL:     12   Next: 59%
Magic:  13/13      EV:  7    Int:  9    God:    Okawaru [*****.]
Gold:   479        SH: 13    Dex: 13    Spells: 11/11 levels left

rFire    . . .     SeeInvis +   E - +2 demon whip (drain)
rCold    . . .     Gourm    .   c - +0 shield
rNeg     + . .     Faith    +   B - +0 plate armour
rPois    ∞         Spirit   .   (no helmet)
rElec    +         Reflect  .   d - +0 cloak
rCorr    +         Harm     .   (no gloves)
MR       .....                  K - +0 pair of boots
Stlth    ..........             x - amulet of faith
HPRegen  0.21/turn              D - ring of resist corrosion
MPRegen  0.13/turn              A - ring of see invisible

@: hasted, very quick
A: negative energy resistance 1, electricity resistance, unbreathing,
petrification resistance, rot immunity, AC +8
a: Heroism, Finesse, Renounce Religion


You were in an ice cave.
You worshipped Okawaru.
Okawaru was extremely pleased with you.
You were not hungry.

You visited 3 branches of the dungeon, and saw 14 of its levels.
You also visited: Labyrinth and Ice Cave.

You collected 479 gold pieces.

Inventory:

Hand Weapons
 E - a +2 demon whip of draining (weapon)
 H - the +8 quick blade of Piturph {pierce, +Fly rPois Str-2 Dex-2}
   (You found it on level 3 of the Lair of Beasts)

   It inflicts extra damage upon your enemies.
   It affects your strength (-2).
   It affects your dexterity (-2).
   It protects you from poison.
   It lets you fly.
 J - the +6 Majin-Bo {vamp, Archmagi MP+6 Int+6}
   (You found it in a labyrinth)

   It inflicts no extra harm, but heals its wielder when it wounds a living foe.
   It affects your intelligence (+6).
   It affects your magic capacity (+6).
Armour
 c - a +0 shield (worn)
 d - a +0 cloak (worn)
 B - a +0 plate armour (worn)
 K - a +0 pair of boots (worn)
Magical Staves
 r - an uncursed staff of wizardry
 u - an uncursed staff of energy
Jewellery
 x - an amulet of faith (around neck)
 A - a ring of see invisible (right hand)
 D - a ring of resist corrosion (left hand)
Wands
 h - a wand of paralysis (21)
 n - a wand of digging (12)
 o - a wand of scattershot (4)
 p - a wand of polymorph (22)
 y - a wand of enslavement (13)
Scrolls
 a - 3 scrolls of enchant weapon
 g - a scroll of magic mapping
 m - 7 scrolls of remove curse
 q - 3 scrolls of teleportation
 v - a scroll of fear
 w - 2 scrolls of blinking
 F - a scroll of summoning
 I - 2 scrolls of fog
Potions
 b - a potion of berserk rage
 e - 2 potions of flight
 i - 4 potions of curing
 j - 2 potions of invisibility
 k - 2 potions of agility
 s - 2 potions of cancellation
 t - a potion of resistance
 z - a potion of brilliance
 C - a potion of magic
 G - a potion of lignification
Comestibles
 f - 25 rations
 l - 8 chunks of flesh


   Skills:
 + Level 4.3 Fighting
 - Level 14.0 Maces & Flails
 + Level 4.3 Armour
 + Level 1.9 Dodging
 + Level 14.2 Shields
 + Level 2.6 Invocations
 + Level 2.1 Evocations


You had 11 spell levels left.
You didn't know any spells.
Your spell library contained the following spells:

 Spells                   Type           Power        Failure   Level  Hunger
 Cause Fear               Hex            #.........   100%        4    #####..
 Bolt of Magma            Conj/Fire/Erth #.........   100%        5    ######.
 Summon Small Mammal      Summ           #...         100%        1    ##.....
 Summon Ice Beast         Ice/Summ       #.......     100%        4    #####..
 Call Imp                 Summ           #.......     100%        2    ###....
 Regeneration             Chrm/Necr      #.........   100%        3    ####...
 Iron Shot                Conj/Erth      #.........   100%        6    #######
 Statue Form              Tmut/Erth      #........    100%        6    #######
 Deflect Missiles         Chrm/Air       #.........   100%        6    #######
 Call Canine Familiar     Summ           #.......     100%        3    ####...
 Silence                  Hex/Air        #.........   100%        5    ######.
 Shatter                  Erth           #.........   100%        9    #######
 Leda's Liquefaction      Hex/Erth       #.........   100%        4    #####..
 Shroud of Golubria       Chrm/Tloc      #.........   100%        2    ###....
 Infusion                 Chrm           #...         100%        1    ##.....
 Song of Slaying          Chrm           #.......     100%        2    ###....
 Spectral Weapon          Hex/Chrm       #.......     100%        3    ####...
 Discord                  Hex            #.........   100%        8    #######
 Summon Lightning Spire   Summ/Air       #.......     100%        4    #####..
 Summon Guardian Golem    Hex/Summ       #.......     100%        3    ####...
 Yara's Violent Unravell  Hex/Tmut       #.........   100%        5    ######.


Dungeon Overview and Level Annotations

Branches:
Dungeon (9/15)             Temple (1/1) D:7            Lair (4/6) D:8
  Swamp (0/4) Lair:4        Snake (0/4) Lair:2
    Orc: D:9-12

Altars:
Ashenzari
Cheibriados
Dithmenos
Elyvilon
Fedhas
Gozag
Hepliaklqana
Kikubaaqudgha
Makhleb
Nemelex Xobeh
Okawaru
Ru
Sif Muna
Trog
Uskayaw
Vehumet
Wu Jian
Xom
Yredelemnul
Zin
The Shining One

Shops:
D:4 :   D:5 [   D:8 (

Annotations:
D:9 P0WERM0DE's ghost, novice DDFi IceCv exclusion: 3 ice statues


Innate Abilities, Weirdness & Mutations

You are resistant to torment.
Your stone body is resilient. (AC +8)
You are immune to poison.
You resist negative energy. (rN+)
You are resistant to electric shocks. (rElec)
You can survive without breathing.
You are immune to petrification.
You are immune to rotting.


Message History

The ice statue gestures at you. The shard of ice hits you!
* * * LOW HITPOINT WARNING * * *
You whack the ice statue!
The ice statue is moderately damaged.
You thrash the ice statue!!
The ice statue is heavily damaged.
You whack the ice statue!
The ice statue is severely damaged.
The ice statue gestures at you.
You hit the ice statue but do no damage.
The ice statue is severely damaged.
You are engulfed in freezing vapours.
* * * LOW HITPOINT WARNING * * *
You feel better.
You are engulfed in freezing vapours.
* * * LOW HITPOINT WARNING * * *
The ice statue gestures at you. The shard of ice hits you!
Ouch! That really hurt!
You die...

##....8#).(..## ##....
##......#......###.....
#.......#.......#......
.#.......#.......#......
.8....§§Y†..........∩..∩
#....§§§#.......#......
#..§§§..#.......#......
##..§§§§#......###.....
##§§§@8#.(!..## ##....
############# #####


You could see 2 ice statues and an ice beast.

Vanquished Creatures
  A minotaur (Lab)
  A centaur warrior (D:9)
  Erica (Lair:1)
  A two-headed ogre (D:8)
  An oklob plant (Lair:3)
  An ugly thing (IceCv)
  A black mamba (Lair:1)
  4 spiny frogs
  A rime drake (Lair:1)
  3 komodo dragons
  Grinder (D:3)
  13 blink frogs
  A hornet (D:8)
  4 hippogriffs
  Sigmund (D:3)
  6 yaks (Lair:3)
  A basilisk (Lair:1)
  Grum (D:8)
  Edmund (D:4)
  2 wargs
  2 nagas (Lair:2)
  A soldier ant (D:8)
  3 water moccasins
  6 porcupines
  Duvessa (D:7)
  2 sky beasts
  2 orc warriors (D:8)
  6 ice beasts (IceCv)
  A black bear (D:9)
  3 phantoms
  4 centaurs
  3 ogres (D:5)
  12 wolves
  6 crocodiles
  6 bullfrogs
  A wyvern zombie (D:7)
  Dowan (D:7)
  6 killer bees (D:7)
  2 scorpions
  3 wights (D:8)
  3 electric eels (Lair:1)
  3 howler monkeys (D:7)
  2 crimson imps
  6 hounds
  A bullfrog zombie (D:5)
  8 orc wizards
  6 orc priests
  4 bullfrog skeletons
  Crazy Yiuf (D:2)
  Ijyb (D:4)
  An iguana (D:7)
  8 worker ants
  3 hound skeletons
  A howler monkey zombie (D:7)
  2 worker ant zombies
  8 gnolls
  A howler monkey skeleton (D:4)
  12 adders
  A shadow imp (D:7)
  2 oozes
  An adder zombie (D:6)
  2 adder skeletons
  3 worms
  2 dart slugs
  6 leopard geckos
  35 orcs
  4 ball pythons
  7 giant cockroaches
  8 goblins
  12 hobgoblins
  13 jackals
  7 kobolds
  3 quokkas
  6 bats
  6 frilled lizards
  7 rats
313 creatures vanquished.

Vanquished Creatures (others)
  9 fungi
  3 plants (Lair:3)
12 creatures vanquished.

Grand Total: 325 creatures vanquished

Notes
Turn   | Place    | Note
-------+----------+-------------------------------------------
     0 | D:1      | Ordine the Gargoyle Fighter began the quest for the Orb.
     0 | D:1      | Reached XP level 1. HP: 14/14 MP: 1/1
    72 | D:1      | Reached XP level 2. HP: 19/19 MP: 2/2
   172 | D:1      | Reached XP level 3. HP: 5/23 MP: 3/3
  1091 | D:2      | Found a runed door.
  1095 | D:2      | Noticed Crazy Yiuf
  1102 | D:2      | Killed Crazy Yiuf
  1102 | D:2      | Reached XP level 4. HP: 2/28 MP: 4/4
  1758 | D:2      | Reached XP level 5. HP: 29/32 MP: 5/5
  2288 | D:3      | Noticed Grinder
  2311 | D:3      | Killed Grinder
  2311 | D:3      | Reached skill level 5 in Shields
  2311 | D:3      | Reached XP level 6. HP: 27/37 MP: 6/6
  2459 | D:3      | Found a shimmering altar of Xom.
  2503 | D:3      | Noticed Sigmund
  2520 | D:3      | Killed Sigmund
  2520 | D:3      | Reached XP level 7. HP: 32/41 MP: 7/7
  2995 | D:4      | Noticed Edmund
  3031 | D:4      | Killed Edmund
  3125 | D:4      | Reached XP level 8. HP: 40/46 MP: 8/8
  3276 | D:4      | Found a white marble altar of Elyvilon.
  3315 | D:4      | Noticed Ijyb
  3335 | D:4      | Killed Ijyb
  3368 | D:4      | Found Xixal's Book Boutique.
  3472 | D:4      | Found a sacrificial altar of Ru.
  3598 | D:5      | Entered Level 5 of the Dungeon
  3918 | D:5      | Found Dioleow's Armour Emporium.
  4492 | D:6      | Reached XP level 9. HP: 41/51 MP: 9/9
  4534 | D:6      | Found a shattered altar of Ashenzari.
  5010 | D:6      | Found a sacrificial altar of Ru.
  5020 | D:6      | Reached skill level 10 in Maces & Flails
  5025 | D:6      | Found a shadowy altar of Dithmenos.
  5508 | D:7      | Found a staircase to the Ecumenical Temple.
  5525 | Temple   | Entered the Ecumenical Temple
  5750 | D:7      | Noticed Dowan
  5751 | D:7      | Noticed Duvessa
  5754 | D:7      | Found an opulent altar of Gozag.
  5763 | D:7      | Killed Duvessa
  5779 | D:7      | Killed Dowan
  6400 | D:7      | Found a bloodstained altar of Trog.
  6583 | D:7      | Reached XP level 10. HP: 56/56 MP: 10/10
  7026 | D:8      | Found a staircase to the Lair.
  7060 | D:8      | Found a radiant altar of Vehumet.
  7066 | D:8      | Found an ornate altar of the Wu Jian Council.
  7066 | D:8      | Found an ancient bone altar of Kikubaaqudgha.
  7069 | D:8      | Found a blossoming altar of Fedhas.
  7116 | D:8      | Reached skill level 10 in Shields
  7352 | D:8      | Noticed Grum
  7373 | D:8      | Killed Grum
  7415 | D:8      | Found an iron altar of Okawaru.
  7424 | D:8      | Became a worshipper of Warmaster Okawaru
  7688 | D:8      | Found Cigop's Weapon Boutique.
  7698 | D:8      | Noticed a two-headed ogre
  7708 | D:8      | Killed a two-headed ogre
  7708 | D:8      | Reached * piety under Okawaru
  7846 | D:9      | Noticed a centaur warrior
  7864 | D:9      | Killed a centaur warrior
  7864 | D:9      | Reached ** piety under Okawaru
  7864 | D:9      | Reached XP level 11. HP: 24/60 MP: 11/11
  7910 | D:9      | Reached *** piety under Okawaru
  7995 | D:9      | Noticed P0WERM0DE's ghost (novice DDFi)
  7995 | D:9      | Noticed a two-headed ogre
  8020 | Lair:1   | Entered Level 1 of the Lair of Beasts
  8424 | Lair:1   | Noticed Erica
  8443 | Lair:1   | Killed Erica
  8443 | Lair:1   | Reached **** piety under Okawaru
  9011 | Lair:2   | Found a labyrinth entrance.
  9020 | Lab      | Entered a labyrinth
  9363 | Lab      | Noticed a minotaur
  9400 | Lab      | Killed a minotaur
  9541 | Lab      | Found the +6 Majin-Bo {vamp, Archmagi MP+6 Int+6}
  9791 | Lair:2   | Reached ***** piety under Okawaru
  9798 | Lair:2   | Found a staircase to the Snake Pit.
 10069 | Lair:2   | Identified a scroll of acquirement
 10146 | Lair:2   | Reached XP level 12. HP: 63/64 MP: 12/12
 10440 | Lair:3   | Found a sacrificial altar of Ru.
 10443 | Lair:3   | Got a translucent battleaxe
 10501 | Lair:3   | Identified the +5 battleaxe of the Queen {flame, rC+ MP+9} (You found it on level 3 of the Lair of Beasts)
 10872 | Lair:3   | Received a gift from Okawaru
 10904 | Lair:3   | Reached skill level 1 in Invocations
 10913 | Lair:3   | Reached skill level 1 in Evocations
 10940 | Lair:3   | Reached skill level 1 in Dodging
 11312 | Lair:3   | Got a warped quick blade
 11313 | Lair:3   | Identified the +8 quick blade of Piturph {pierce, +Fly rPois Str-2 Dex-2} (You found it on level 3 of the Lair of Beasts)
 11558 | Lair:4   | Found a staircase to the Swamp.
 11610 | Lair:4   | Found a frozen archway.
 11619 | IceCv    | Entered an ice cave
 11810 | IceCv    | Killed from afar by an ice statue

Vault maps used:
D:1:      shiori_arrival_oz
D:2:      uniq_crazy_yiuf_cottage
D:3:      lemuel_doored_altar, uniq_grinder, uniq_sigmund
D:4:      kennysheep_mini, serial_shops, nicolae_shop_crystal, first_ration,
          serial_aquarium, aquarium_bridge_straight,
          aquarium_bridge_island_small, aquarium_window_corridor_3,
          aquarium_window_1, aquarium_window_fake, aquarium_view_2a,
          aquarium_balcony_1a, st_stairs_14,
          nicolae_ru_great_annihilating_truth, uniq_ijyb, uniq_edmund
D:5:      serial_shops, shop
D:6:      nicolae_ashenzari_panopticon, amethyst_overflow_temple_binary
D:7:      marbit_many_paths, nicolae_gozag_seed_capital,
          minmay_temple_entry_junction, item_on_display_a, uniq_duvessa
D:8:      okawaru_metal_pillars_1_2, grunt_temple_overflow_open,
          erik_lair_orcish_takeover, serial_shops, nicolae_shop_stone,
          hangedman_pestilent_swarm, uniq_grum
D:9:      old_standard_altar, serial_shops, shop
Temple:   grunt_temple_mini_profane
Lair:1:   disabler_island, serial_bayou_shore_b, lemuel_fruit_tree, uniq_erica
Lair:2:   guppyfry_snake_entry_island, lab_entry_generic,
          infiniplex_staircase_pool
Lair:3:   lemuel_oklob_altar
Lair:4:   swamp_mist, portal_ice_cave_entry_pillars_2, serial_bayou_pond_e
Lab:      labyrinth_mini_lab
IceCv:    ice_cave_statue_garden_chambered

Skill      XL: |  1  2  3  4  5  6  7  8  9 10 11 12 |
---------------+-------------------------------------+-----
Maces & Flails | 3 4 6 7 9 11 13 14 | 14.0
Shields        | 4 5 6 7 9 10 13 14 | 14.2
Invocations    | 2 |  2.6
Evocations     | 2 |  2.1
Dodging        | 1 |  1.9
Fighting       | 4 |  4.3
Armour         | 4 |  4.3

Action                   |  1- 3 |  4- 6 |  7- 9 | 10-12 || total
-------------------------+-------+-------+-------+-------++-------
Melee: Flail             |   104 |   185 |   439 |   595 ||  1323
       Demon whip        |       |       |       |   232 ||   232
Evoke: Wand              |       |       |     1 |       ||     1
  Use: Potion            |     1 |       |     1 |     6 ||     8
       Scroll            |       |    12 |     4 |    12 ||    28
 Stab: Paralysed         |       |       |     1 |       ||     1
  Eat: Chunk             |     1 |     5 |    13 |    14 ||    33
       Ration            |       |       |       |     1 ||     1
Armor: Scale mail        |    52 |    67 |   179 |       ||   298
       Plate armour      |       |       |    89 |   401 ||   490
       Skin              |       |       |     2 |    15 ||    17
Dodge: Dodged            |    25 |    47 |   113 |   120 ||   305
Block: Shield            |    57 |    93 |   269 |   431 ||   850

Table legend:
 A = Spawn XP
 B = Non-spawn XP
 C = Spawn XP percentage of total XP
 D = Spawn monster count
 E = Non-spawn monster count
 F = Spawn count percentage of total count
 G = Total turns spent on level
                    A         B        C        D         E        F      G
               +---------+---------+-------+---------+---------+-------+---------
         Total |       0 |   26413 |   0.0 |       0 |     313 |   0.0 | 11810
               +---------+---------+-------+---------+---------+-------+---------
           D:1 |       0 |      58 |   0.0 |       0 |      27 |   0.0 |   872
           D:2 |       0 |     182 |   0.0 |       0 |      36 |   0.0 |  1278
           D:3 |       0 |     705 |   0.0 |       0 |      26 |   0.0 |   857
           D:4 |       0 |     443 |   0.0 |       0 |      19 |   0.0 |   591
           D:5 |       0 |     880 |   0.0 |       0 |      26 |   0.0 |   879
           D:6 |       0 |     912 |   0.0 |       0 |      19 |   0.0 |   859
           D:7 |       0 |    2212 |   0.0 |       0 |      48 |   0.0 |  1420
           D:8 |       0 |    3644 |   0.0 |       0 |      34 |   0.0 |   918
           D:9 |       0 |    1232 |   0.0 |       0 |       8 |   0.0 |   153
        Lair:1 |       0 |    3434 |   0.0 |       0 |      16 |   0.0 |   816
        Lair:2 |       0 |    3504 |   0.0 |       0 |      16 |   0.0 |   988
        Lair:3 |       0 |    5728 |   0.0 |       0 |      23 |   0.0 |  1161
        Lair:4 |       0 |     953 |   0.0 |       0 |       7 |   0.0 |    71
           Lab |       0 |    1239 |   0.0 |       0 |       1 |   0.0 |   563
         IceCv |       0 |    1287 |   0.0 |       0 |       7 |   0.0 |   191
               +---------+---------+-------+---------+---------+-------+---------
